 Dungeon Crawl Stone Soup version 0.32-a0-666-ge8a88695a4 (webtiles) character file.

Game seed: 6384988082368913952

27 ezpacito the Chopper (level 3, 0/43 HPs)
             Began as a Coglin Chaos Knight on Mar 10, 2024.
             Was a Plaything of Xom.
             Slain by Sigmund
             ... wielding a +1 scythe of protection
              (2 damage)
             ... on level 2 of the Dungeon.
             The game lasted 00:01:08 (1083 turns).

ezpacito the Chopper (Coglin Chaos Knight)          Turns: 1083, Time: 00:01:09

Health: 0/43       AC: 21    Str: 14    XL:     3   Next: 10%
Magic:  3/3        EV:  2    Int: 11    God:    Xom [..*...]
Gold:   66         SH:  0    Dex: 13    Spells: 2/2 levels left

rFire   + . .        a - +0 hand axe (chaos) {Kaori}
rCold   + . .        k - staff of conjuration {Tae}
rNeg    . . .        b - melded +2 leather armour
rPois   +            (helmet currently unavailable)
rElec   +            (cloak currently unavailable)
rCorr   +            (gloves currently unavailable)
SInv    .            f - melded +0 pair of boots
Will    .....        (no amulet)
Stlth   +            (no ring)
HPRegen 0.27/turn    (no ring)
MPRegen 0.08/turn    (no gizmo)

%: no passive effects
@: tree-form, resistant, revving
A: stationary, stasis, torment immunity, boosted hp, off-hand wielding, slow
wielding, warmup strikes, (no jewellery)
a: Invent Gizmo, Renounce Religion


You were on level 2 of the Dungeon.
You worshipped Xom.
You were a toy of Xom.
You were a tree.
You visited 1 branch of the dungeon, and saw 2 of its levels.

You collected 66 gold pieces.

Inventory:

Hand Weapons
 a - a +0 hand axe of chaos (weapon) {Kaori}
 d - a +0 dagger {Berta}
Armour
 b - a +2 leather armour (melded)
 f - a +0 pair of boots (melded)
Magical Staves
 k - a staff of conjuration (offhand) {Tae}
Scrolls
 c - a scroll of butterflies
 e - a scroll of poison {unknown}


   Skills:
 * Level 3.1 Fighting
 * Level 3.3(3.4) Axes
 + Level 0.2(1.9) Polearms
 + Level 0.1(0.2) Staves
 * Level 2.1 Armour
 * Level 1.2 Dodging
 + Level 0.2 Stealth
 + Level 0.1 Spellcasting
 + Level 0.0 Conjurations
 + Level 0.0 Evocations


You had 2 spell levels left.
You didn't know any spells.
Your spell library was empty.

Dungeon Overview and Level Annotations

Branches:
Dungeon (2/15)

Altars:

Annotations:
D:2 Sigmund


Innate Abilities, Weirdness & Mutations

You are a tree.
Your roots penetrate the ground, keeping you stationary.
You cannot be teleported.
You are immune to unholy pain and torment.
Your maximum health is greatly increased.
Your equipment is partially melded.
You can wield a second weapon in your off-hand.
It takes a long time for you to wield or remove held weapons.
Your first few attacks do less damage.
((You cannot equip rings or amulets.))


Message History

You take 1 damage, and have 17/29 hp.
You barely miss something with your staff of conjuration.
You barely miss something with your +0 hand axe of chaos.
You hear some strange, mumbled words.
You are confused.
You miss something with your staff of conjuration.
You miss something with your +0 hand axe of chaos.
Something hits you.
You take 5 damage, and have 12/29 hp.
It was a potion of resistance.
You feel protected.
Xom thinks this is hilarious!
Something hits you!
* * * LOW HITPOINT WARNING * * *
You take 8 damage, and have 4/29 hp.
MASSIVE DAMAGE!!
It was a potion of lignification.
You turn into a tree.
Your +0 pair of boots melds into your body.
Your +2 leather armour melds into your body.
Your roots penetrate the ground.
Xom thinks this is hilarious!
You now have 6/43 hp.
You cannot move. (Use ctrl+direction or * direction to attack while stationary and confused.)
You miss something with your +0 hand axe of chaos.
You hear some strange, mumbled words.
A magic dart appears from out of thin air!
The magic dart hits you.
* * * LOW HITPOINT WARNING * * *
You take 3 damage, and have 3/43 hp.
It was a potion of enlightenment.
Your roots keep you in place.
You feel less confused. Something hits you.
* * * LOW HITPOINT WARNING * * *
You take 2 damage, and have 1/43 hp.
You closely miss something with your +0 hand axe of chaos.
Something hits you but does no damage.
You barely miss something with your +0 hand axe of chaos.
Your enlightenment fades.
Something hits you.
You die... "What!?
That's it?"

#....#
#.#######.#<.........##
.....# #.#
#.#.##.#####..+ ##...#
#.#######.#.#>.#####..#
##...#
#.........#.#.###.....#
...###
###########.#.###.##.####
##†# ...#.#........(...
#.# #†#.#.#.#....#### #.#
#††.#.#.###### #..
#♣..#.....# ###
##{.....#.# #...#...##.#
#.###.#....# #. #.######
# #.# ..# ###


There were no monsters in sight!

Vanquished Creatures
  A gnoll (D:1)
  A dart slug (D:2)
  A goblin (D:1)
  3 hobgoblins (D:1)
  2 quokkas
  3 ball pythons
  2 bats (D:1)
  A frilled lizard (D:2)
  2 kobolds (D:1)
  A rat (D:2)
17 creatures vanquished.

Notes
Turn   | Place    | Note
-------+----------+-------------------------------------------
     0 | D:1      | ezpacito the Coglin Chaos Knight began the quest for the
                  | Orb.
     0 | D:1      | Reached XP level 1. HP: 18/18 MP: 1/1
    15 | D:1      | XOM: silly message
   313 | D:1      | XOM: silly message
   407 | D:1      | Reached skill level 1 in Dodging
   407 | D:1      | Reached XP level 2. HP: 17/24 MP: 2/2
   481 | D:1      | XOM: silly message
   535 | D:1      | Found a faded altar of an unknown god.
   845 | D:2      | XOM: stealth player
  1004 | D:2      | XOM: god gift: long runed staff {god gift}
  1058 | D:2      | Noticed Sigmund
  1065 | D:2      | Reached XP level 3. HP: 21/29 MP: 3/3
  1081 | D:2      | HP: 1/43 [something (2)]
  1083 | D:2      | Slain by Sigmund

Illustrated notes

Levels and vault maps discovered:
D:1:      lemuel_arrival_lava_pool, layout_loops_corners,
          shapermc_ecumenical_altar_starsandcircs
D:2:      minmay_chambers_of_twos, layout_basic, uniq_sigmund

Skill      XL: |  1 |
---------------+----+-----
Armour         | 2 |  2.1
Dodging        | 1 |  1.2
Fighting       | |  3.1
Axes           | |  3.3
Polearms       | |  0.2
Staves         | |  0.1
Stealth        | |  0.2
Spellcasting   | |  0.1

Action                     || total
---------------------------++-------
  Melee: Dagger            ||    28
         Hand axe          ||    41
         Staff             ||    13
    Use: Potion            ||     5
 Armour: Leather armour    ||    33
         Skin              ||     4
  Dodge: Dodged            ||    25

Table legend: (Time is in decaauts)
 A = Elapsed time spent in this place.
 B = Non-inter-level travel time spent in this place.
 C = Inter-level travel time spent in this place.
 D = Time resting spent in this place.
 E = Time spent auto-exploring this place.
 F = Levels seen in this place.
 G = Mean time per level.
                   A        B        C        D        E       F      G
               +--------+--------+--------+--------+--------+-----+--------+
         Total |   1089 |   1064 |     25 |      0 |    932 |   2 |  544.5 |
       Dungeon |   1089 |   1064 |     25 |      0 |    932 |   2 |  544.5 |
               +--------+--------+--------+--------+--------+-----+--------+

Top non-repeatable levels by time:
     D:1: 848 daAuts
     D:2: 241 daAuts
